 Dungeon Crawl Stone Soup version 0.26-a0-639-g72c4674329 (webtiles) character file.

Game seed: 10825486453925281604

5927 hickop the Carver (level 10, -5/94 HPs)
             Began as a Minotaur Berserker on Sept 17, 2020.
             Was a High Priest of Trog.
             Slain by an orc warrior
             ... wielding a +0 hand axe
              (6 damage)
             ... in a bailey on Sept 19, 2020.
             The game lasted 00:30:57 (8515 turns).

hickop the Carver (Minotaur Berserker)              Turns: 8515, Time: 00:30:57

Health: -5/94      AC: 12    Str: 24    XL:     10   Next: 54%
Magic:  9/9        EV:  9    Int:  4    God:    Trog [*****.]
Gold:   459        SH:  0    Dex: 11    Spells: 9/9 levels left

rFire    . . .     SeeInvis .   H - +3 long sword (vorpal)
rCold    . . .     Faith    .   (no shield)
rNeg     . . .     Spirit   .   l - +0 plate armour
rPois    .         Reflect  .   (helmet restricted)
rElec    .         Harm     .   (no cloak)
rCorr    .         Rampage  .   (no gloves)
MR       .....                  (no boots)
Stlth    ..........             (no amulet)
HPRegen  0.25/turn              (no ring)
MPRegen  0.11/turn              (no ring)

@: berserk cooldown, slowed, very slow
A: retaliatory headbutt, horns 2
a: Berserk, Trog's Hand, Brothers in Arms, Renounce Religion


You were in a bailey.
You worshipped Trog.
Trog was extremely pleased with you.
You visited 1 branch of the dungeon, and saw 7 of its levels.
You also visited: Bailey.

You collected 459 gold pieces.

Inventory:

Hand Weapons
 a - a +0 hand axe
 q - a +2 falchion of holy wrath
 A - a +6 club
 H - a +3 vorpal long sword (weapon)
Missiles
 i - 44 poisoned darts (quivered)
 y - 5 atropa-tipped darts
Armour
 l - a +0 plate armour (worn)
 C - a +0 pair of gloves
Jewellery
 g - a +6 ring of strength {unknown}
 h - an uncursed ring of see invisible {unknown}
 m - an uncursed ring of poison resistance
 t - an uncursed ring of magical power {unknown}
 v - an uncursed ring of stealth {unknown}
 x - an uncursed amulet of guardian spirit {unknown}
 I - an uncursed ring of magical power {unknown}
Wands
 b - a wand of flame (5)
 z - a wand of polymorph (8)
Scrolls
 c - 3 scrolls of teleportation
 d - a scroll of enchant armour {unknown}
 f - 4 scrolls of remove curse
 o - 3 scrolls of enchant weapon
 r - a scroll of amnesia {unknown}
 u - a scroll of magic mapping {unknown}
 w - 2 scrolls of fog
 B - a scroll of immolation {unknown}
 D - 3 scrolls of identify
 J - 4 scrolls of blinking {unknown}
Potions
 e - 4 potions of haste
 j - 4 potions of lignification
 k - 5 potions of curing
 n - 3 potions of magic
 p - a potion of degeneration {unknown}
 s - a potion of brilliance {unknown}
 E - 3 potions of heal wounds {unknown}
 F - a potion of flight {unknown}
 G - a potion of mutation {unknown}
 K - 3 potions of stabbing {unknown}


   Skills:
 + Level 10.8 Fighting
 * Level 12.1 Long Blades
 - Level 6.5(6.9) Axes
 - Level 3.3(5.3) Maces & Flails
 - Level 5.8 Armour
 - Level 5.3 Dodging


You had 9 spell levels left.
You didn't know any spells.
Your spell library was empty.

Dungeon Overview and Level Annotations

Branches:
Dungeon (7/15)             Temple (0/1) D:5          Bailey (1/1)

Altars:
Dithmenos
Gozag
Hepliaklqana
Qazlal
Ru
Xom
Zin
The Shining One


Innate Abilities, Weirdness & Mutations

You reflexively headbutt those who attack you in melee.
You have a pair of horns on your head.


Message History

You are exhausted.
You feel yourself slow down.
The orc warrior hits you but does no damage.
You closely miss the orc warrior.
You headbutt the orc warrior, but do no damage.
The orc warrior is heavily wounded.
The orc knight roars a battlecry!
The orc warrior goes into a battle-frenzy!
The orc warrior hits you with a +0 hand axe.
* * * LOW HITPOINT WARNING * * *
You hear a shout!
You feel better.
Okay, then.
As you read the scroll of fog, it crumbles to dust.
The scroll dissolves into smoke.
An orc warrior comes into view. It is wielding a +0 war axe.
The orc warrior hits you with a +0 war axe!
* * * LOW HITPOINT WARNING * * *
The orc warrior hits you with a +0 hand axe.
You die...

##..∩..## #.......#
##.......##
#.........#
##.........##
#######.....⌠.....#
##.....##g........##
#....§§oooo.......+
##.....§@##.......##
#......§§§#.o.o...#
##.........##88.88##
#.....⌠.....###'###
#.........## ...#
#.........# ...o..
##.......##.g..o..
#.......#.........
##.....##o...o....#


You could see an orc knight, 3 orc warriors and a hobgoblin.

Vanquished Creatures
  An orc warlord (Bailey)
  An orc knight (Bailey)
  Maggie (D:6)
  Grinder (D:6)
  Menkaure (D:5)
  4 ice beasts
  8 orc warriors
  4 phantoms
  2 black bears (D:7)
  6 ogres
  A centaur (D:7)
  Blork the orc (D:6)
  4 bullfrogs
  A scorpion (D:6)
  3 wights (D:7)
  A howler monkey (D:7)
  2 bullfrog zombies
  A hound (D:6)
  Crazy Yiuf (D:5)
  6 orc priests
  A jelly (D:6)
  A centaur skeleton (D:6)
  3 iguanas
  Ijyb (D:5)
  4 orc wizards
  2 worker ants
  A hound zombie (D:6)
  A hound skeleton (D:6)
  Robin (D:4)
  5 gnolls
  4 adders
  A shadow imp (D:6)
  3 white imps
  2 ufetubi
  3 oozes
  4 adder skeletons
  5 worms
  8 leopard geckos
  27 orcs
  7 bats
  5 giant cockroaches
  31 goblins
  25 hobgoblins
  4 jackals (D:2)
  7 kobolds
  4 quokkas
  3 ball pythons
  5 frilled lizards
  A jackal skeleton (D:5)
  A jackal zombie (D:6)
  2 leopard gecko zombies (D:6)
  8 rats
230 creatures vanquished.

Vanquished Creatures (others)
  6 fungi (D:2)
  4 toadstools (D:2)
10 creatures vanquished.

Grand Total: 240 creatures vanquished

Notes
Turn   | Place    | Note
-------+----------+-------------------------------------------
     0 | D:1      | hickop the Minotaur Berserker began the quest for the Orb.
     0 | D:1      | Reached XP level 1. HP: 19/19 MP: 0/0
   331 | D:1      | Reached XP level 2. HP: 21/27 MP: 1/1
  1491 | D:2      | Found an opulent altar of Gozag.
  1509 | D:2      | Reached XP level 3. HP: 33/33 MP: 2/2
  1867 | D:2      | Reached ** piety under Trog
  2286 | D:3      | Reached XP level 4. HP: 39/40 MP: 3/3
  2749 | D:3      | Found a sacrificial altar of Ru.
  2960 | D:3      | Reached XP level 5. HP: 13/47 MP: 4/4
  3413 | D:3      | Found a shadowy altar of Dithmenos.
  3414 | D:3      | Found a shimmering altar of Xom.
  3595 | D:4      | Noticed an ogre
  3595 | D:4      | Noticed a phantom
  3773 | D:4      | Noticed Robin
  3859 | D:3      | Reached skill level 5 in Axes
  3930 | D:4      | Found a hazy altar of Hepliaklqana.
  3987 | D:4      | Reached *** piety under Trog
  4059 | D:3      | Reached skill level 5 in Fighting
  4230 | D:4      | Reached XP level 6. HP: 53/56 MP: 5/5
  4248 | D:5      | Entered Level 5 of the Dungeon
  4400 | D:4      | Killed Robin
  4596 | D:4      | Reached skill level 5 in Armour
  4596 | D:4      | Reached XP level 7. HP: 46/62 MP: 6/6
  4757 | D:4      | Found a glowing silver altar of Zin.
  5059 | D:5      | Noticed Ijyb
  5109 | D:5      | Killed Ijyb
  5258 | D:5      | Found a staircase to the Ecumenical Temple.
  5377 | D:5      | Noticed Menkaure
  5406 | D:6      | Reached skill level 1 in Maces & Flails
  5627 | D:6      | Noticed Grinder
  5645 | D:6      | Killed Grinder
  5645 | D:6      | Reached skill level 5 in Dodging
  5702 | D:6      | Reached XP level 8. HP: 67/71 MP: 7/7
  5750 | D:6      | Noticed Blork the orc
  5762 | D:6      | Killed Blork the orc
  5908 | D:6      | Found a glowing golden altar of the Shining One.
  5940 | D:6      | Reached skill level 2 in Long Blades
  5960 | D:6      | Reached skill level 3 in Long Blades
  6081 | D:6      | Noticed Maggie
  6096 | D:6      | Killed Maggie
  6096 | D:6      | Reached **** piety under Trog
  6096 | D:6      | Reached skill level 5 in Long Blades
  6340 | D:6      | Reached skill level 6 in Long Blades
  6476 | D:6      | Reached XP level 9. HP: 63/81 MP: 8/8
  6497 | D:6      | Reached skill level 7 in Long Blades
  7162 | D:5      | Killed Menkaure
  7162 | D:5      | Reached skill level 8 in Long Blades
  7225 | D:5      | Found a runed translucent door.
  7226 | D:5      | Noticed Crazy Yiuf
  7232 | D:5      | Killed Crazy Yiuf
  7778 | D:7      | Reached skill level 9 in Long Blades
  7884 | D:7      | Found a stormy altar of Qazlal.
  8150 | D:7      | Reached skill level 10 in Long Blades
  8211 | D:7      | Found a flagged portal.
  8227 | Bailey   | Entered a bailey
  8250 | Bailey   | Reached ***** piety under Trog
  8322 | Bailey   | Noticed an orc knight
  8326 | Bailey   | Reached XP level 10. HP: 74/93 MP: 9/9
  8338 | Bailey   | Killed an orc knight
  8338 | Bailey   | Reached skill level 10 in Fighting
  8469 | Bailey   | Noticed an orc knight
  8469 | Bailey   | Noticed an orc warlord
  8482 | Bailey   | Reached skill level 11 in Long Blades
  8496 | Bailey   | Killed an orc warlord
  8498 | Bailey   | Reached skill level 12 in Long Blades
  8515 | Bailey   | HP: 1/94 [orc warrior/+0 war axe (12)]
  8515 | Bailey   | Slain by an orc warrior

Illustrated notes

Levels and vault maps discovered:
D:1:      saegor_arrival_miasma, layout_basic, hangedman_decor_clover_reticule,
          minivault_27, minmay_pentomino_o2
D:2:      layout_loops_corners, minmay_gold_behind_fungi,
          grunt_gozag_breadcrumbs
D:3:      layout_basic, gammafunk_temple_overflow_statue,
          nicolae_ru_sacrificial_ziggurat
D:4:      layout_cave_pools, amethyst_overflow_temple_binary, uniq_robin
D:5:      cheibrodos_helix_gallery, layout_layer_cave, minmay_temple_entry_hall,
          serial_rivers, chequers_serial_rivers_small_3,
          chequers_serial_rivers_micro_e, chequers_serial_rivers_micro_a,
          chequers_serial_rivers_small_a, chequers_serial_rivers_micro_e,
          chequers_serial_rivers_room_b, uniq_menkaure, uniq_ijyb,
          uniq_crazy_yiuf_cottage
D:6:      minmay_octagon_keep, layout_basic, kennysheep_mini_moat,
          uniq_blork_the_orc, uniq_maggie, uniq_grinder
D:7:      layout_basic, grunt_qazlal_clouds, lightli_bailey_entry_fortress
Bailey:   bailey_axe_minmay_hex_keep, bailey

Skill      XL: |  1  2  3  4  5  6  7  8  9 10 |
---------------+-------------------------------+-----
Fighting       | 4 5 6 8 9 10 | 10.8
Axes           | 4 5 6 |  6.5
Armour         | 3 4 5 |  5.8
Dodging        | 3 4 5 |  5.3
Maces & Flails | 3 |  3.3
Long Blades    | 6 10 12 | 12.1

Action                   |  1- 3 |  4- 6 |  7- 9 | 10-12 || total
-------------------------+-------+-------+-------+-------++-------
Melee: Hand axe          |    98 |   144 |    43 |       ||   285
       Headbutt          |    10 |    24 |    74 |     9 ||   117
       Club              |       |       |    61 |       ||    61
       Unarmed           |       |       |     2 |       ||     2
       Long sword        |       |       |   218 |    58 ||   276
Invok: Berserk           |     2 |     1 |     3 |     2 ||     8
  Use: Scroll            |     2 |     3 |     4 |     1 ||    10
       Potion            |       |       |       |     1 ||     1
 Stab: Sleeping          |     1 |       |       |       ||     1
Armor: Animal skin       |     4 |       |       |       ||     4
       Plate armour      |    29 |    94 |   128 |     8 ||   259
Dodge: Dodged            |    42 |    49 |   101 |    10 ||   202
       Rpst.: Long sword |       |       |    12 |     2 ||    14

Table legend: (Time is in decaauts)
 A = Elapsed time spent in this place.
 B = Non-inter-level travel time spent in this place.
 C = Inter-level travel time spent in this place.
 D = Time resting spent in this place.
 E = Time spent auto-exploring this place.
 F = Levels seen in this place.
 G = Mean time per level.
                   A        B        C        D        E       F      G
               +--------+--------+--------+--------+--------+-----+--------+
         Total |   8588 |   8133 |    455 |   1570 |   4336 |   8 | 1073.5 |
       Dungeon |   8317 |   7862 |    455 |   1559 |   4268 |   7 | 1188.1 |
        Bailey |    270 |    270 |      0 |     11 |     68 |   1 |  270.0 |
               +--------+--------+--------+--------+--------+-----+--------+

Top non-repeatable levels by time:
     D:6: 1865 daAuts
     D:3: 1620 daAuts
     D:1: 1269 daAuts
     D:5: 1120 daAuts
     D:2: 988 daAuts
     D:4: 980 daAuts
     D:7: 472 daAuts
  Bailey: 270 daAuts
